 Dungeon Crawl Stone Soup version 0.26-a0-812-g31a745ddcd (webtiles) character file.

Game seed: 10454559253570173757

8 Azzok the Chopper (level 2, 24/24 HPs)
             Began as a Demonspawn Berserker on Nov 22, 2020.
             Was a Follower of Trog.
             Quit the game on level 1 of the Dungeon.
             The game lasted 00:00:30 (657 turns).

Azzok the Chopper (Demonspawn Berserker)             Turns: 657, Time: 00:00:30

Health: 24/24      AC:  5    Str: 17    XL:     2   Next: 0%
Magic:  2/2        EV: 11    Int:  8    God:    Trog [*.....]
Gold:   15         SH:  0    Dex: 12    Spells: 1/1 levels left

rFire    . . .     SeeInvis .   a - +0 hand axe
rCold    . . .     Faith    .   (no shield)
rNeg     . . .     Spirit   .   f - +0 ring mail
rPois    .         Reflect  .   (no helmet)
rElec    .         Harm     .   (no cloak)
rCorr    .         Rampage  .   (no gloves)
MR       .....                  (no boots)
Stlth    ..........             (no amulet)
HPRegen  0.08/turn              (no ring)
MPRegen  0.08/turn              (no ring)

@: lightly drained
A: hooves 1
a: Berserk, Renounce Religion


You were on level 1 of the Dungeon.
You worshipped Trog.
Trog was aware of your devotion.
You visited 1 branch of the dungeon, and saw 1 of its levels.

You collected 15 gold pieces.

Inventory:

Hand Weapons
 a - a +0 hand axe (weapon)
Armour
 f - a +0 ring mail (worn)
Scrolls
 b - a scroll of teleportation {unknown}
 d - a scroll of identify {unknown}
Potions
 c - a potion of flight {unknown}
 e - a potion of degeneration {unknown}
 g - a potion of curing {unknown}


   Skills:
 - Level 3.0(2.7) Fighting
 + Level 3.2(3.0) Axes
 - Level 1.7(1.5) Armour
 - Level 1.7(1.5) Dodging


You had one spell level left.
You didn't know any spells.
Your spell library was empty.

Dungeon Overview and Level Annotations

Branches:
Dungeon (1/15)

Altars:


Innate Abilities, Weirdness & Mutations

You have large cloven feet.


Message History

You now have 15 gold pieces (gained 3).
You open the door.
There is an open door here.
g - a sapphire potion A kobold comes into view.
It is wielding a +0 dagger of draining.
The kobold shouts!
A kobold is nearby!
The kobold barely misses you.
You closely miss the kobold. The kobold barely misses you.
You completely miss the kobold. The kobold hits you but does no damage.
You feel drained.
You hit the kobold.
You kill the kobold!
Trog accepts your kill.
You have reached level 2!
You feel monstrous as your demonic heritage exerts itself.
Your demonic ancestry asserts itself...
Your feet thicken and deform.
You see here a +0 dagger of draining.
Are you sure you want to abandon this character and quit the game? (Confirm with "yes".)

···▒ ▒·▒ ▒·▒ ···▒ ▒·▒
▒·▒ ·)·▒ ▒·▒ ▒·▒
···▒▒▒▒▒▒·▒▒▒▒·▒
···············▒
▒▒▒·▒▒▒▒▒·▒▒▒▒▒▒▒▒▒▒·▒
▒··················▒
▒·▒▒▒▒▒·▒▒▒▒▒▒·▒▒·▒▒
▒·▒ ▒·▒ ▒@▒ ▒·▒ ▒·▒
▒·▒ ▒▒▒·▒▒▒▒▒·▒ ▒·▒
··········▒ ▒·▒
▒▒▒▒▒▒▒▒▒▒▒ ▒·▒ ▒·▒
▒·▒ ▒·▒


There were no monsters in sight!

Vanquished Creatures
  A dart slug (D:1)
  A leopard gecko (D:1)
  3 kobolds (D:1)
  2 rats (D:1)
7 creatures vanquished.

Notes
Turn   | Place    | Note
-------+----------+-------------------------------------------
     0 | D:1      | Azzok the Demonspawn Berserker began the quest for the Orb.
     0 | D:1      | Reached XP level 1. HP: 18/18 MP: 1/1
   655 | D:1      | Gained mutation: You have large cloven feet. [demonic
                  | ancestry]
   655 | D:1      | Reached XP level 2. HP: 24/24 MP: 2/2
   657 | D:1      | Quit the game

Illustrated notes

Levels and vault maps discovered:
D:1:      sevenhm_arrival_forest_fort_small_6, layout_basic

Skill      XL: |  1 |
---------------+----+-----
Axes           | 3 |  3.2
Fighting       | |  3.0
Armour         | |  1.7
Dodging        | |  1.7

Action                   || total
-------------------------++-------
Melee: Hand axe          ||    22
Invok: Berserk           ||     1
Armor: Ring mail         ||     4
       Animal skin       ||     2
Dodge: Dodged            ||    11

Table legend: (Time is in decaauts)
 A = Elapsed time spent in this place.
 B = Non-inter-level travel time spent in this place.
 C = Inter-level travel time spent in this place.
 D = Time resting spent in this place.
 E = Time spent auto-exploring this place.
 F = Levels seen in this place.
 G = Mean time per level.
                   A        B        C        D        E       F      G
               +--------+--------+--------+--------+--------+-----+--------+
         Total |    667 |    667 |      0 |     36 |    535 |   1 |  667.0 |
       Dungeon |    667 |    667 |      0 |     36 |    535 |   1 |  667.0 |
               +--------+--------+--------+--------+--------+-----+--------+

Top non-repeatable levels by time:
     D:1: 667 daAuts
